 Dungeon Crawl Stone Soup version 0.27-a0-262-gc50aac273e (webtiles) character file.

Game seed: 13876251816904261206

151 Borgoz the Ducker (level 5, 0/45 HPs)
             Began as a Ghoul Gladiator on Feb 5, 2021.
             Slain by a gnoll
             ... wielding a +0 halberd
              (7 damage)
             ... on level 3 of the Dungeon.
             The game lasted 00:02:05 (1736 turns).

Borgoz the Ducker (Ghoul Gladiator)                 Turns: 1736, Time: 00:02:05

Health: 0/45       AC:  5    Str: 18    XL:     5   Next: 33%
Magic:  4/4        EV: 12    Int:  3    God:
Gold:   113        SH:  0    Dex: 11    Spells: 4/4 levels left

rFire    . . .     SeeInvis .   b - +4 short sword
rCold    + . .     Faith    .   (no shield)
rNeg     + + +     Spirit   .   j - +0 leather armour
rPois    ∞         Reflect  .   m - +1 hat
rElec    .         Harm     .   k - +0 cloak
rCorr    .         Rampage  .   (no gloves)
Will     .....                  (no boots)
Stlth    +.........             (no amulet)
HPRegen  0.00/turn              (no ring)
MPRegen  0.09/turn              (no ring)

@: no status effects
A: claws 1, cold resistance 1, negative energy resistance 3, inhibited
regeneration, torment resistance, unbreathing
a: no special abilities


You were on level 3 of the Dungeon.
You visited 1 branch of the dungeon, and saw 3 of its levels.

You collected 113 gold pieces.

Inventory:

Hand Weapons
 a - a +0 long sword
 b - a +4 short sword (weapon)
Missiles
 d - 3 throwing nets (quivered)
Armour
 j - a +0 leather armour (worn)
 k - a +0 cloak (worn)
 m - a +1 hat (worn)
Jewellery
 o - an uncursed ring of resist corrosion {unknown}
Scrolls
 c - a scroll of blinking {unknown}
 f - 2 scrolls of remove curse
 i - a scroll of magic mapping {unknown}
 l - a scroll of teleportation {unknown}
 p - a scroll of identify {unknown}
Potions
 e - a potion of ambrosia {unknown}
 g - a potion of curing {unknown}
 h - a potion of flight {unknown}
 n - a potion of cancellation


   Skills:
 + Level 3.4 Fighting
 + Level 3.5 Long Blades
 - Level 1.7 Throwing
 + Level 1.9 Armour
 + Level 3.5 Dodging


You had 4 spell levels left.
You didn't know any spells.
Your spell library was empty.

Dungeon Overview and Level Annotations

Branches:
Dungeon (3/15)

Altars:
Cheibriados


Innate Abilities, Weirdness & Mutations

You thrive by killing the living.
You are immune to poison.
You have sharp fingernails.
Your flesh is cold resistant. (rC+)
You are immune to negative energy. (rN+++)
You do not regenerate when monsters are visible.
You are immune to unholy pain and torment.
You can survive without breathing.


Message History

You closely miss the gnoll. The gnoll closely misses you.
You puncture the gnoll!
The gnoll is severely wounded.
The gnoll misses you.
The gnoll hits you from afar with a +0 halberd!
You barely miss the gnoll.
The gnoll is severely wounded.
The gnoll barely misses you.
You hit the gnoll.
You kill the gnoll!
The gnoll hits you with a +0 flail!
The gnoll hits you from afar with a +0 halberd!
* * * LOW HITPOINT WARNING * * *
Things that are here:
a +0 whip; a gnoll corpse It was a potion of cancellation.
You feel magically purged. The gnoll hits you with a +0 flail.
* * * LOW HITPOINT WARNING * * *
The gnoll hits you from afar with a +0 halberd!
You die...

####### #.# #......
#.# #.##### #.# #.#
#.# #.# #.# #.# .
#.# #.#
....#####.########.#
.....gg@...........#
###.#####.##########
#.# ..# #..#
######### #..#
#........ #..#
#.####### #..# #.#
#..# #.#


You could see 2 gnolls.

Vanquished Creatures
  Natasha (D:2)
  A gnoll (D:3)
  4 adders (D:2)
  2 oozes
  4 dart slugs
  A leopard gecko (D:1)
  11 bats
  A giant cockroach (D:1)
  11 goblins
  7 hobgoblins
  6 jackals
  5 kobolds
  A quokka (D:2)
  A ball python (D:1)
  2 frilled lizards
  5 rats
63 creatures vanquished.

Notes
Turn   | Place    | Note
-------+----------+-------------------------------------------
     0 | D:1      | Borgoz the Ghoul Gladiator began the quest for the Orb.
     0 | D:1      | Reached XP level 1. HP: 17/17 MP: 0/0
    11 | D:1      | Noticed an electric eel
    12 | D:1      | Noticed an electric eel
    41 | D:1      | Reached XP level 2. HP: 25/25 MP: 1/1
   420 | D:1      | Reached XP level 3. HP: 28/30 MP: 2/2
   518 | D:1      | Reached skill level 1 in Armour
   956 | D:2      | Reached XP level 4. HP: 37/37 MP: 3/3
   981 | D:2      | Noticed Natasha
   988 | D:2      | Killed Natasha
  1163 | D:2      | Found a snail-covered altar of Cheibriados.
  1178 | D:2      | Reached XP level 5. HP: 45/45 MP: 4/4
  1736 | D:3      | Slain by a gnoll

Illustrated notes

Levels and vault maps discovered:
D:1:      arrival_aquarium_b, layout_loops_ring
D:2:      layout_basic, kennysheep_slug_shrine, uniq_natasha
D:3:      layout_loops_ring, uniq_terence

Skill      XL: |  1  2  3  4 |
---------------+-------------+-----
Dodging        | 3 |  3.5
Long Blades    | 3 |  3.5
Armour         | 1 |  1.9
Fighting       | 3 |  3.4
Throwing       | |  1.7

Action                   |  1- 3 |  4- 6 || total
-------------------------+-------+-------++-------
Melee: Long sword        |    34 |       ||    34
       Short sword       |    35 |    90 ||   125
  Use: Scroll            |     1 |       ||     1
       Potion            |       |     1 ||     1
 Stab: Sleeping          |     1 |       ||     1
Armor: Leather armour    |    23 |    33 ||    56
Dodge: Dodged            |    49 |    74 ||   123
       Rpst.: Long sword |    11 |       ||    11

Table legend: (Time is in decaauts)
 A = Elapsed time spent in this place.
 B = Non-inter-level travel time spent in this place.
 C = Inter-level travel time spent in this place.
 D = Time resting spent in this place.
 E = Time spent auto-exploring this place.
 F = Levels seen in this place.
 G = Mean time per level.
                   A        B        C        D        E       F      G
               +--------+--------+--------+--------+--------+-----+--------+
         Total |   1748 |   1691 |     57 |    112 |   1193 |   3 |  582.7 |
       Dungeon |   1748 |   1691 |     57 |    112 |   1193 |   3 |  582.7 |
               +--------+--------+--------+--------+--------+-----+--------+

Top non-repeatable levels by time:
     D:2: 910 daAuts
     D:1: 738 daAuts
     D:3: 99 daAuts
